 Dungeon Crawl Stone Soup version 0.29.1-2-gbd0b4ee654 (webtiles) character file.

Game seed: 5220715476168669507

6 Goreval the Sneak (level 1, 0/15 HPs)
             Began as a Naga Enchanter on Nov 17, 2022.
             Slain by a ball python (1 damage)
             ... on level 1 of the Dungeon.
             The game lasted 00:00:54 (418 turns).

Goreval the Sneak (Naga Enchanter)                   Turns: 418, Time: 00:00:55

Health: 0/15       AC:  1    Str: 10    XL:     1   Next: 90%
Magic:  3/3        EV:  9    Int: 15    God:
Gold:   24         SH:  0    Dex: 11    Spells: 4/4 levels left

rFire   . . .      SeeInvis +   a - +1 dagger
rCold   . . .      Faith    .   (no shield)
rNeg    . . .      Spirit   .   b - +0 robe
rPois   +          Reflect  .   (no helmet)
rElec   .          Harm     .   (no cloak)
rCorr   .          Rampage  .   (no gloves)
Will    .....                   (no barding)
Stlth   +++.......              (no amulet)
HPRegen 0.05/turn               (no ring)
MPRegen 0.08/turn               (no ring)

@: very slow
A: AC +0, large, see invisible, deformed body, poison resistance, slowness 2,
spit poison 1, naga tail 1
a: Spit Poison


You were on level 1 of the Dungeon.
You visited 1 branch of the dungeon, and saw 1 of its levels.

You collected 24 gold pieces.

Inventory:

Hand Weapons
 a - a +1 dagger (weapon)
Armour
 b - a +0 robe (worn)
Potions
 c - 2 potions of invisibility
 d - a potion of brilliance {unknown}


   Skills:
 * Level 1.3 Short Blades
 - Level 1.5 Dodging
 + Level 4.5 Stealth
 + Level 2.0 Spellcasting
 * Level 3.1 Hexes


You had 4 spell levels left.
You didn't know any spells.
Your spell library contained the following spells:

 Spells                   Type           Power      Damage    Failure   Level
 Ensorcelled Hibernation  Hex/Ice        12%        N/A       17%         2
 Confusing Touch          Hex            11%        N/A       19%         3
 Tukima's Dance           Hex            11%        N/A       19%         3
 Blink                    Tloc           2%         N/A       32%         2
 Dazzling Flash           Conj/Hex       12%        N/A       34%         3
 Lesser Beckoning         Tloc           1%         N/A       54%         3
 Manifold Assault         Tloc           1%         N/A       99%         5


Dungeon Overview and Level Annotations

Branches:
Dungeon (1/15)

Altars:


Innate Abilities, Weirdness & Mutations

Your serpentine skin is tough. (AC +0)
You have supernaturally acute eyesight. (SInv)
Armour fits poorly on your strangely shaped body.
Your system is resistant to poisons. (rPois)
You cover ground very slowly.
You can spit poison.
You have a snake-like lower body.


Message History

You are too injured to fight recklessly!
You are too injured to fight recklessly!
You are too injured to fight recklessly!
Aim: a goblin, wielding a +0 dagger (moderately wounded, 43% to hit)
The splash of poison hits the goblin!
The goblin is poisoned.
You kill the goblin!
You have got your breath back.
You see here a +0 dagger.
A hobgoblin comes into view.
Found 2 scrolls labelled SAFAUT MADU and a scale mail.
A frilled lizard comes into view.
Found a scroll labelled CUNELA YSUXUGETUYCW.
You see here a scroll labelled KIPPANARHY.
A ball python and a goblin come into view.
The ball python hisses angrily.
The frilled lizard hisses angrily.
The goblin shouts!
The hobgoblin shouts!
A ball python comes into view.
The hobgoblin hits you.
The ball python hisses angrily.
Aim: a hobgoblin (53% to hit)
The splash of poison misses the hobgoblin.
The hobgoblin closely misses you.
You hit the hobgoblin but do no damage. The hobgoblin barely misses you.
The ball python bites you. The hobgoblin attacks as you move away!
The hobgoblin hits you.
The ball python attacks as you move away!
The ball python bites you but does no damage.
The hobgoblin hits you.
* * * LOW HITPOINT WARNING * * *
The frilled lizard barely misses you.
The ball python attacks as you move away!
The ball python bites you but does no damage.
You have got your breath back.
The hobgoblin misses you. The frilled lizard barely misses you.
The ball python attacks as you move away!
The ball python bites you.
* * * LOW HITPOINT WARNING * * *
A jackal comes into view.
The ball python bites you.
You die...

#.#.##.######...
##.#.##)# ##.#
#.....#.# #.#
#.....#...#####.#
###................
#####.......#...#####..
#######[..g.#.#.#.##.##
#.# #........gS.......#
.# #.
##.#.#.#.#l#@#.#.#.# ##
#.........S#.........
#..#.#.#.#...#.#.#.###
#....................
#..#?#.#.#...##..#.##
#..?.........# #...#
#..#[#.#.#...# ##.#
#.............. h#
#.#.###.###....


You could see a jackal (asleep), a hobgoblin, a goblin and a ball python.

Vanquished Creatures
  An endoplasm (D:1)
  A goblin (D:1)
  2 kobolds (D:1)
  2 rats (D:1)
6 creatures vanquished.

Notes
Turn   | Place    | Note
-------+----------+-------------------------------------------
     0 | D:1      | Goreval the Naga Enchanter began the quest for the Orb.
     0 | D:1      | Reached XP level 1. HP: 15/15 MP: 3/3
   418 | D:1      | Slain by a ball python

Illustrated notes

Levels and vault maps discovered:
D:1:      roderic_crossed_star, layout_loops_ring, serial_glass,
          glass_columns_c, glass_columns_c, glass_columns_a, glass_columns_c,
          glass_columns_a, glass_columns_b, minmay_box_of_dots

Action                   || total
-------------------------++-------
Melee: Dagger            ||    15
 Abil: Spit Poison       ||     5
Armor: Robe              ||     3
Dodge: Dodged            ||    10
